AoeStats
← Effect

MegaRandom

507693257Analyzed
4v4 RM · 13d ago on Sep 19, 2026· 50m 12s· 8 players
Game mode
Random Map
Map size
Large (8 player)
Population
200
Speed
Normal
Resources
Standard
Victory
Conquest
Starting age
Dark Age
Ending age
Imperial Age
RankedLock teamsTeams togetherTeam positionsShared explorationLock speedFull tech treeHidden civsTurbo modeCheats
Victory
Defeat
🇨🇳 Britons · China
1146
+14
🇨🇳 Persians · China
1116
+16
1038
+39
🇨🇳 Romans · China
1017
+19
🇹🇷 Byzantines · Türkiye
1132
-18
🇬🇪 Slavs · Georgia
1108
-17
🇹🇷 Japanese · Türkiye
1090
-17
🇨🇳 Spanish · China
1084
-16
Avcı-47
8:39 Loom
12:08 Feudal Age
17:27 Castle Age
16:01 Double-Bit Axe
17:18 Town Watch
17:50 Forging
17:41 Scale Mail Armor
21:10 Fletching
22:30 Horse Collar
23:26 Arson
33:26 Pikeman
34:06 Squires
38:27 Imperial Age
37:41 Murder Holes
38:22 Heavy Plow
38:36 Halberdier
41:07 Iron Casting
43:21 Blast Furnace
43:01 Conscription
44:46 Wheelbarrow
sefa11
7:39 Loom
10:31 Feudal Age
11:22 Double-Bit Axe
11:44 Horse Collar
21:49 Castle Age
23:57 Fletching
24:09 Padded Archer Armor
23:32 Elite Skirmisher
31:44 Imperial Age
29:57 Bodkin Arrow
30:19 Leather Archer Armor
32:51 Ballistics
33:56 Chemistry
33:18 Ballistics
35:04 Bow Saw
34:56 Heavy Plow
36:20 Bracer
38:05 Ring Archer Armor
48:13 Squires
47:34 Pikeman
49:41 Halberdier
Dante_in_the_deep
8:48 Loom
10:41 Feudal Age
16:23 Castle Age
15:26 Double-Bit Axe
16:57 Horse Collar
19:10 Scale Barding Armor
19:17 Forging
22:26 Bow Saw
27:27 Chain Barding Armor
27:52 Heavy Plow
34:27 Iron Casting
37:34 Fletching
37:45 Padded Archer Armor
44:22 Imperial Age
42:28 Wheelbarrow
41:39 Town Watch
45:44 Hoardings
44:31 Elite Boyar
45:50 Plate Barding Armor
46:15 Blast Furnace
Effect
10:36 Feudal Age
12:31 Double-Bit Axe
16:37 Castle Age
15:02 Loom
16:12 Stone Mining
30:24 Gold Mining
37:20 Pikeman
(o^^o)哈基米南北绿豆
10:44 Feudal Age
11:56 Loom
16:25 Castle Age
18:36 Wheelbarrow
26:19 Light Cavalry
32:29 Horse Collar
32:41 Double-Bit Axe
32:58 Stone Mining
33:39 Bow Saw
33:37 Heavy Plow
33:52 Gold Mining
38:06 Imperial Age
36:52 Gold Shaft Mining
37:11 Bloodlines
37:36 Scale Barding Armor
37:51 Husbandry
38:41 Cavalier
40:16 Forging
41:23 Conscription
42:56 Chain Barding Armor
43:09 Fletching
43:48 Padded Archer Armor
44:33 Bodkin Arrow
45:54 Plate Barding Armor
46:45 Chemistry
47:43 Maghrebi Camels
47:46 Bracer
48:23 Iron Casting
49:19 Ballistics
Otto der Große
9:48 Loom
11:34 Feudal Age
13:00 Double-Bit Axe
15:07 Fishing Lines
20:34 Castle Age
18:43 Horse Collar
21:38 Wheelbarrow
21:49 Bow Saw
21:47 Gillnets
22:33 Gold Mining
23:02 Pikeman
25:58 Gold Shaft Mining
26:41 Heavy Plow
27:20 Hand Cart
27:16 Stone Mining
28:10 Clinker Construction
28:28 Scale Barding Armor
28:33 Forging
28:58 Husbandry
29:23 Bloodlines
31:04 Iron Casting
31:35 Chain Barding Armor
32:19 Careening
36:25 Imperial Age
35:39 Coinage
35:13 Caravan
37:15 Stone Shaft Mining
37:05 Carvel Hull
37:06 Dry Dock
37:53 Two-Man Saw
37:36 Banking
37:18 Guilds
37:17 Cavalier
38:35 Plate Barding Armor
39:00 Blast Furnace
38:23 Conscription
39:17 Blast Furnace
39:57 Savar
43:39 Masonry
43:24 Murder Holes
43:49 Ballistics
44:58 Architecture
44:21 Fletching
45:02 Heavy Camel Rider
46:27 Light Cavalry
50:02 Medium Warships
49:13 Demolition Ship
50:03 Siphons
路一司
10:45 Feudal Age
12:02 Double-Bit Axe
12:02 Horse Collar
18:36 Castle Age
23:22 Heavy Plow
23:33 Bow Saw
28:27 Fletching
28:38 Padded Archer Armor
29:33 Gold Mining
29:33 Stone Mining
33:33 Imperial Age
32:39 Wheelbarrow
31:49 Loom
31:50 Town Watch
33:39 Forging
33:30 Bodkin Arrow
40:53 Hand Cart
40:41 Caravan
42:47 Conscription
41:48 Elite Longbowman
43:24 Bracer
43:39 Leather Archer Armor
44:34 Yeomen
45:55 Ballistics
46:35 Chemistry
50:32 Ring Archer Armor
50:56 Yeomen
癸政舒
12:36 Feudal Age
13:39 Fishing Lines
14:26 Loom
15:27 Double-Bit Axe
22:08 Castle Age
20:49 Double-Bit Axe
20:57 Gold Mining
20:58 Stone Mining
23:27 Bow Saw
23:41 Medium Warships
24:18 Man-at-Arms
27:35 Wheelbarrow
27:11 Fletching
28:25 Fortified Wall
28:38 Pikeman
30:05 Forging
34:48 Gillnets
35:18 Squires
34:40 Long Swordsman
35:57 Gold Shaft Mining
39:18 Imperial Age
38:18 Ballistics
41:05 Conscription
42:40 Hand Cart
50:36 Siege Engineers
51:32 Chemistry
Connection lost

Rejoining the realm…

Still unreachable

The connection could not be restored.

Session expired

The server has moved on; the page needs a fresh start.